 Dungeon Sprint DCSS version 0.21.1-1-g345015f (webtiles) character file.

236659 wilfster70 the Impregnable (level 17, -6/175 HPs)
             Began as a Deep Dwarf Fighter on Mar 2, 2018.
             Was the Champion of Makhleb.
             Killed from afar by Boris (61 damage)
             ... with an iron shot
             ... in the Dungeon (Sprint IX: "|||||||||||||||||||||||||||||").
             The game lasted 00:32:05 (5366 turns).

wilfster70 the Impregnable (Deep Dwarf Fighter)     Turns: 5366, Time: 00:32:06

Health: -6/175     AC: 41    Str: 27    XL:     17   Next: 41%
Magic:  28/28      EV: 19    Int: 14    God:    Makhleb [******]
Gold:   1132       SH: 31    Dex: 10    Spells: 13/16 levels left

rFire    . . .     SeeInvis +   y - +3 war axe (vamp)
rCold    + + +     Gourm    .   E - +5 large shield
rNeg     + . .     Faith    .   A - +3 plate armour "Pelualaat" {rElec rC++ MR++ Dex-3}
rPois    .         Spirit   .   p - +2 helmet
rElec    +         Reflect  .   c - +2 cloak
rCorr    .         Harm     .   M - +2 pair of gloves {Str+3}
MR       +++++     NoTele   +   q - +2 pair of boots
Stlth    ..........             G - amulet "Vourhina" {RegenMP Int+3}
HPRegen  0.00/turn              C - ring of see invisible
MPRegen  0.46/turn              L - ring of the Komtur {rC+ MR+}

@: non-regenerating
A: damage resistance, heal wounds, frail 1, negative energy resistance 1, sense
surroundings 2, no regeneration
}: 4/15 runes: decaying, serpentine, silver, gossamer
a: Heal Wounds, Minor Destruction, Lesser Servant of Makhleb, Major Destruction,
Greater Servant of Makhleb, Renounce Religion


You were in the Dungeon.
You worshipped Makhleb.
Makhleb was exalted by your worship.
You were near starving.

You visited 1 branch You collected 1642 gold pieces.
You spent 510 gold pieces at shops.

Inventory:

Hand Weapons
 a - a +7 broad axe
 y - a +3 vampiric war axe (weapon)
 J - a +3 war axe of freezing
Armour
 c - a +2 cloak (worn)
 p - a +2 helmet (worn)
 q - a +2 pair of boots (worn)
 A - the +3 plate armour "Pelualaat" (worn) {rElec rC++ MR++ Dex-3}
   (You found it in the Dungeon)

   It affects your dexterity (-3).
   It greatly protects you from cold.
   It insulates you from electricity.
   It affects your resistance to hostile enchantments.
 E - a +5 large shield (worn)
 M - a +2 pair of gloves of strength (worn)
Jewellery
 s - a +3 ring of strength
 x - a cursed amulet of inaccuracy {unknown}
 z - a +4 ring of evasion
 B - an uncursed ring of poison resistance
 C - a ring of see invisible (left hand)
 G - the amulet "Vourhina" (around neck) {RegenMP Int+3}
   (You found it in the Dungeon)

   [amulet of magic regeneration]

   It increases your magic regeneration.
   It affects your intelligence (+3).
 H - the ring "Foreo" {rC+ MR+ Str-3 Dex+3 Stlth+}
   (You found it in the Dungeon)

   [ring of dexterity]

   It affects your strength (-3).
   It affects your dexterity (+3).
   It protects you from cold.
   It affects your resistance to hostile enchantments.
   It makes you more stealthy.
 I - a +3 ring of slaying
 L - the ring of the Komtur (right hand) {rC+ MR+}
   (You found it in the Dungeon)

   [ring of protection from cold]

   It protects you from cold.
   It affects your resistance to hostile enchantments.
 N - the ring of Goyjar {rF+ rC+ MR+ Int-4}
   (You found it in the Dungeon)

   [ring of protection from fire]

   It affects your intelligence (-4).
   It protects you from fire.
   It protects you from cold.
   It affects your resistance to hostile enchantments.
Wands
 o - a wand of iceblast (19)
 F - a wand of flame (8)
Scrolls
 k - 5 scrolls of blinking
 m - 5 scrolls of remove curse
 n - 3 scrolls of amnesia
 v - 5 scrolls of fog
 w - 6 scrolls of fear
Potions
 d - 2 potions of might
 e - 8 potions of curing
 g - 13 potions of heal wounds
 h - 8 potions of haste
 i - 4 potions of magic
 j - 5 potions of berserk rage
 l - a potion of invisibility
 r - a potion of ambrosia {unknown}
 u - 2 potions of brilliance
 D - a potion of degeneration {unknown}
 K - 2 potions of agility
Books
 t - a book of Party Tricks

   Spells                             Type                      Level
   a - Summon Butterflies             Summoning                    1
   b - Apportation                    Translocation                1
   c - Lesser Beckoning               Translocation                3
   d - Tukima's Dance                 Hexes                        3
   e - Alistair's Intoxication        Transmutation/Poison         5
   f - Invisibility                   Hexes                        6
Comestibles
 f - 13 rations


   Skills:
 + Level 23.1 Fighting
 - Level 18.0 Axes
 + Level 26.6 Armour
 + Level 26.4 Dodging
 - Level 25.0 Shields
 - Level 20.4 Invocations


You had 13 spell levels left.
You knew the following spells:

 Your Spells              Type           Power        Failure   Level  Hunger
a - Tukima's Dance        Hex            #.......     95%         3    ####...


Dungeon Overview and Level Annotations

Branches:
Dungeon (1/1)

Altars:
Cheibriados
Dithmenos
Elyvilon
Fedhas
Gozag
Hepliaklqana
Kikubaaqudgha
Makhleb
Nemelex Xobeh
Okawaru
Qazlal
Ru
Sif Muna
Trog
Uskayaw
Vehumet
Wu Jian
Xom
Yredelemnul
Zin
The Shining One
Beogh
Jiyva
Lugonu

Shops:
D =!(*

Annotations:
D Boris, Mara


Innate Abilities, Weirdness & Mutations

You are resistant to damage.
You can heal yourself by infusing magical energy.
You resist negative energy. (rN+)
You passively map the area around you.
You do not regenerate.
You are frail. (-10% HP)


Message History

Boris is moderately damaged.
You hit Mara. You block Boris's attack. x2
Mara growls.
Mara shimmers.
Mara shimmers and seems to become two!
You hit Boris.
Boris is moderately damaged.
You hit Mara but do no damage. You barely miss Boris.
Boris is moderately damaged.
You closely miss Mara. Boris hits you but does no damage.
Boris barely misses you.
Mara points ostentatiously.
Mara hits you with a demon blade of freezing!
You slash Boris!
Boris is heavily damaged.
You slash Mara!
Boris points at you and mumbles some strange words.
The iron shot hits you!
You die...

..........................))))[).
▓▓▓▓▓▓▓▓▓▓▓▓▓▓▓▓▓▓▓▓▓▓▓▓▓▓▓▓▓▓▓▓▓
....[[[[[.......))))).........')=
▓▓▓▓▓▓▓▓▓▓▓▓▓▓▓▓▓▓▓▓▓▓▓▓▓▓▓▓▓▓▓▓▓
.................................
▓▓▓▓▓▓▓▓▓▓▓▓▓▓▓▓▓▓▓▓▓▓▓▓▓▓▓▓▓▓▓▓▓
.'............)))))))...[[[[[[[..
▓▓▓▓▓▓▓▓▓▓▓▓▓▓▓▓▓▓▓▓▓▓▓▓▓▓▓▓▓▓▓▓▓
, ......L@RR.............. *
*▓▓▓▓▓▓▓▓▓▓▓▓▓▓▓▓▓▓▓▓▓▓▓▓ , + , ,
+ , ,+ , * * *** * * **** , , ,
,, , , , ** * ** * *** * * , , ,
,, +, * * * * * * *** * , , , ,
,,, , , ,


You could see Boris (invisible) and 2 Maras.

Vanquished Creatures
  Sojobo (D)
  Margery (D)
  Saint Roka (D)
  Nikola (D)
  Rupert (D)
  2 liches (D)
  An Orb Guardian (D)
  A sphinx (D)
  2 thorn hunters (D)
  Agnes (D)
  9 shadow dragons (D)
  Kirke (D)
  Ilsuiw (D)
  3 tengu reavers (D)
  A frost giant (D)
  4 nagarajas (D)
  Louise (D)
  An iron dragon (D)
  2 ghost moths (D)
  A vault warden (D)
  5 emperor scorpions (D)
  3 ironheart preservers (D)
  2 stone giants (D)
  A spark wasp (D)
  2 ettins (D)
  4 merfolk javelineers (D)
  3 yaktaur captains (D)
  7 ogre magi (D)
  A mummy priest (D)
  3 fire dragons (D)
  5 merfolk impalers (D)
  4 great orbs of eyes (D)
  2 rakshasas (D)
  9 hydras (D)
  25 vault guards (D)
  2 ice dragons (D)
  4 naga warriors (D)
  An anaconda (D)
  2 satyrs (D)
  2 merfolk avatars (D)
  An alligator (D)
  2 centaur warriors (D)
  A merfolk aquamancer (D)
  9 two-headed ogres (D)
  2 deep troll earth magi (D)
  2 death knights (D)
  A deep troll shaman (D)
  An orc high priest (D)
  Urug (D)
  Nergalle (D)
  A naga sharpshooter (D)
  2 deep elf knights (D)
  3 hell knights (D)
  A shadow wraith (D)
  A salamander mystic (D)
  A skeletal warrior (D)
  A wizard (D)
  2 glowing orange brains (D)
  An unseen horror (D)
  4 swamp dragons (D)
  2 necromancers (D)
  An ironbrand convoker (D)
  An orc knight (D)
  An orc sorcerer (D)
  2 manticores (D)
  3 orb spiders (D)
  3 wolf spiders (D)
  A moth of wrath (D)
  Joseph (D)
  2 guardian serpents (D)
  5 black mambas (D)
  2 vault sentinels (D)
  2 merfolk sirens (D)
  3 naga magi (D)
  5 spiny frogs (D)
  Psyche (D)
  2 yaktaurs (D)
  A freezing wraith (D)
  2 demonic crawlers (D)
  A troll (D)
  A tengu conjurer (D)
  4 jumping spiders (D)
  A hornet (D)
  A merfolk (D)
  A hippogriff (shapeshifter) (D)
  4 hippogriffs (D)
  2 blink frogs (D)
  3 slime creatures (D)
  A snapping turtle (D)
  2 redbacks (D)
  A shadow (D)
  A tarantella (D)
  2 wyverns (D)
  A vampire mosquito (D)
  A yak (D)
  A hog (D)
  6 wargs (D)
  A naga (D)
  A hell hound (D)
  2 water moccasins (D)
  An acid dragon (D)
  2 swamp drakes (D)
  14 orc warriors (D)
  A sky beast (D)
  An ice beast (D)
  5 ogres (D)
  2 wolves (D)
  2 centaurs (D)
  5 crocodiles (D)
  A big kobold (shapeshifter) (D)
  3 bullfrogs (D)
  A bullfrog (shapeshifter) (D)
  A scorpion (D)
  A crimson imp (D)
  2 orc priests (D)
  An iguana (D)
  An orc wizard (D)
  A shadow imp (D)
  An ooze (D)
  An adder skeleton (D)
  10 orcs (D)
  A bat zombie (D)
  A goblin (D)
  A hobgoblin (D)
  A bat (D)
  A giant cockroach zombie (D)
  A kobold (D)
  A rat (D)
303 creatures vanquished.

Vanquished Creatures (others)
  A fire dragon (D)
  A merfolk aquamancer (D)
  A guardian serpent (D)
3 creatures vanquished.

Grand Total: 306 creatures vanquished

Notes
Turn   | Place    | Note
-------+----------+-------------------------------------------
     0 | D        | wilfster70 the Deep Dwarf Fighter began the quest for the Orb.
     0 | D        | Reached XP level 1. HP: 20/20 MP: 1/1
     8 | D        | Reached skill level 1 in Dodging
   127 | D        | Noticed a centaur
   130 | D        | Reached XP level 2. HP: 23/28 MP: 2/2
   145 | D        | Killed a centaur
   145 | D        | Reached skill level 5 in Armour
   145 | D        | Reached skill level 5 in Shields
   145 | D        | Reached XP level 3. HP: 31/37 MP: 3/3
   145 | D        | Reached XP level 4. HP: 38/45 MP: 4/4
   151 | D        | Found a roughly hewn altar of Beogh.
   151 | D        | Found a snail-covered altar of Cheibriados.
   151 | D        | Found a shadowy altar of Dithmenos.
   151 | D        | Found a white marble altar of Elyvilon.
   151 | D        | Found a blossoming altar of Fedhas.
   151 | D        | Found an opulent altar of Gozag.
   152 | D        | Found a hazy altar of Hepliaklqana.
   153 | D        | Found a viscous altar of Jiyva.
   154 | D        | Found an ancient bone altar of Kikubaaqudgha.
   155 | D        | Found a corrupted altar of Lugonu.
   156 | D        | Found a burning altar of Makhleb.
   157 | D        | Found a sparkling altar of Nemelex Xobeh.
   158 | D        | Found an iron altar of Okawaru.
   159 | D        | Found a stormy altar of Qazlal.
   160 | D        | Found a sacrificial altar of Ru.
   161 | D        | Found a deep blue altar of Sif Muna.
   162 | D        | Found a bloodstained altar of Trog.
   163 | D        | Found a hide-covered altar of Uskayaw.
   164 | D        | Became a worshipper of Makhleb the Destroyer
   165 | D        | Found a radiant altar of Vehumet.
   166 | D        | Found an ornate altar of the Wu Jian Council.
   167 | D        | Found a shimmering altar of Xom.
   168 | D        | Found a basalt altar of Yredelemnul.
   169 | D        | Found a glowing silver altar of Zin.
   170 | D        | Found a glowing golden altar of the Shining One.
   227 | D        | Noticed an ogre
   227 | D        | Noticed a sky beast
   229 | D        | Reached skill level 5 in Axes
   229 | D        | Reached XP level 5. HP: 43/51 MP: 5/5
   237 | D        | Reached skill level 5 in Fighting
   237 | D        | Reached skill level 5 in Dodging
   241 | D        | Killed an ogre
   241 | D        | Reached * piety under Makhleb
   254 | D        | Killed a sky beast
   254 | D        | Reached XP level 6. HP: 28/62 MP: 6/6
   255 | D        | Reached ** piety under Makhleb
   277 | D        | Noticed a shadow
   277 | D        | Noticed a troll
   277 | D        | Noticed a water moccasin
   277 | D        | Noticed a wyvern
   290 | D        | Killed a shadow
   290 | D        | Reached XP level 7. HP: 52/70 MP: 6/6
   296 | D        | Killed a troll
   296 | D        | Reached *** piety under Makhleb
   306 | D        | Killed a wyvern
   306 | D        | Reached XP level 8. HP: 53/81 MP: 7/7
   431 | D        | Noticed a hippogriff
   431 | D        | Noticed a hippogriff
   433 | D        | Reached **** piety under Makhleb
   434 | D        | Noticed a blink frog
   436 | D        | Noticed a blink frog
   445 | D        | Killed a hippogriff
   452 | D        | Reached skill level 10 in Armour
   457 | D        | Reached skill level 10 in Shields
   459 | D        | Reached skill level 10 in Axes
   462 | D        | Killed a hippogriff
   462 | D        | Reached ***** piety under Makhleb
   466 | D        | Gained mutation: You passively map the area around you. [Deep Dwarf growth]
   466 | D        | Reached XP level 9. HP: 74/90 MP: 8/8
   472 | D        | Reached skill level 10 in Dodging
   495 | D        | Noticed a black mamba
   495 | D        | Noticed a spiny frog
   505 | D        | Killed a black mamba
   510 | D        | Noticed a spiny frog
   519 | D        | Killed a spiny frog
   536 | D        | Reached ****** piety under Makhleb
   542 | D        | Reached skill level 10 in Fighting
   548 | D        | Killed a spiny frog
   548 | D        | Reached XP level 10. HP: 93/102 MP: 9/9
   817 | D        | Noticed an orc knight
   843 | D        | Killed an orc knight
   858 | D        | Noticed an orc high priest
   863 | D        | HP: 4/103 [orc warrior/trident (5)]
   866 | D        | Noticed a rust devil
   871 | D        | Noticed an orange demon
   906 | D        | Killed an orc high priest
   957 | D        | Found Goirich's Jewellery Emporium.
   957 | D        | Noticed an ogre mage
   957 | D        | Noticed a two-headed ogre
   957 | D        | Noticed a two-headed ogre
   957 | D        | Noticed a two-headed ogre
   960 | D        | Noticed a two-headed ogre
   964 | D        | Noticed a two-headed ogre
   965 | D        | Killed an ogre mage
   965 | D        | Reached XP level 11. HP: 111/111 MP: 10/10
   974 | D        | Killed a two-headed ogre
   980 | D        | Killed a two-headed ogre
   986 | D        | Killed a two-headed ogre
   989 | D        | Killed a two-headed ogre
   991 | D        | Killed a two-headed ogre
   995 | D        | Found Oquff's Distillery.
   999 | D        | Found Miut's Antique Weapon Emporium.
  1003 | D        | Found Olehieq's Assorted Antiques.
  1005 | D        | Noticed a two-headed ogre
  1006 | D        | Noticed an ogre mage
  1007 | D        | Noticed a two-headed ogre
  1007 | D        | Noticed a two-headed ogre
  1013 | D        | Killed a two-headed ogre
  1023 | D        | Killed an ogre mage
  1029 | D        | Killed a two-headed ogre
  1033 | D        | Killed a two-headed ogre
  1069 | D        | Bought a potion of might for 100 gold pieces
  1075 | D        | Bought an uncursed amulet of guardian spirit for 300 gold pieces
  1295 | D        | Bought a potion of might for 44 gold pieces
  1295 | D        | Bought 2 potions of curing for 66 gold pieces
  1316 | D        | Noticed Urug
  1330 | D        | Killed Urug
  1356 | D        | Noticed Joseph
  1375 | D        | Killed Joseph
  1386 | D        | Noticed Psyche
  1392 | D        | Killed Psyche
  1452 | D        | Got the +3 plate armour "Pelualaat" {rElec rC++ MR++ Dex-3}
  1583 | D        | Noticed a skeletal warrior
  1583 | D        | Noticed a two-headed ogre
  1583 | D        | Noticed an unseen horror
  1584 | D        | Noticed a centaur warrior
  1594 | D        | Killed a skeletal warrior
  1594 | D        | Reached skill level 15 in Armour
  1594 | D        | Reached skill level 15 in Shields
  1594 | D        | Reached XP level 12. HP: 123/123 MP: 11/11
  1600 | D        | Noticed an eight-headed hydra
  1600 | D        | Killed a two-headed ogre
  1606 | D        | Noticed an ice dragon
  1611 | D        | Reached skill level 15 in Axes
  1614 | D        | Noticed a centaur warrior
  1623 | D        | Noticed an ettin
  1665 | D        | Killed a centaur warrior
  1665 | D        | Reached skill level 15 in Dodging
  1675 | D        | Killed a 16-headed hydra
  1688 | D        | Killed an ice dragon
  1710 | D        | Killed a centaur warrior
  1719 | D        | Killed an ettin
  1771 | D        | Noticed a lich
  1775 | D        | Noticed a cacodemon
  1785 | D        | Gained mutation: You are frail. (-10% HP) [a cacodemon]
  1791 | D        | Noticed a Brimstone Fiend
  1796 | D        | Noticed a Tzitzimitl
  1796 | D        | Killed a lich
  1875 | D        | Noticed Rupert
  1901 | D        | Killed Rupert
  1926 | D        | Noticed Nergalle
  1943 | D        | Killed Nergalle
  2010 | D        | Reached XP level 13. HP: 122/122 MP: 11/11
  2124 | D        | Reached skill level 15 in Fighting
  2135 | D        | Noticed a merfolk impaler
  2135 | D        | Noticed a merfolk impaler
  2182 | D        | Killed a merfolk impaler
  2204 | D        | Killed a merfolk impaler
  2267 | D        | Noticed a thorn hunter
  2273 | D        | Noticed a thorn hunter
  2286 | D        | Killed a thorn hunter
  2327 | D        | Killed a thorn hunter
  2390 | D        | Noticed Agnes
  2405 | D        | Killed Agnes
  2464 | D        | Noticed a stone giant
  2464 | D        | Noticed a shadow dragon
  2465 | D        | Noticed a fire dragon
  2472 | D        | Killed a stone giant
  2476 | D        | Noticed a stone giant
  2487 | D        | Gained mutation: You resist negative energy. (rN+) [Deep Dwarf growth]
  2487 | D        | Reached XP level 14. HP: 135/135 MP: 11/11
  2557 | D        | Killed a shadow dragon
  2585 | D        | Killed a stone giant
  2607 | D        | Noticed an iron dragon
  2649 | D        | Killed an iron dragon
  2730 | D        | Noticed an ironheart preserver
  2741 | D        | Noticed a vault warden
  2754 | D        | Killed an ironheart preserver
  2798 | D        | Killed a vault warden
  2798 | D        | Reached skill level 5 in Invocations
  2862 | D        | Noticed an Orb Guardian
  2891 | D        | Killed an Orb Guardian
  2979 | D        | Noticed Nikola
  2995 | D        | Noticed Louise
  3005 | D        | Killed Nikola
  3005 | D        | Reached XP level 15. HP: 91/147 MP: 17/19
  3035 | D        | Killed Louise
  3035 | D        | Reached skill level 10 in Invocations
  3096 | D        | Noticed Kirke
  3118 | D        | Killed Kirke
  3318 | D        | Noticed Margery
  3336 | D        | Killed Margery
  3527 | D        | Got a decaying rune of Zot
  3614 | D        | Noticed a ghost moth
  3620 | D        | Noticed a ghost moth
  3625 | D        | Killed a ghost moth
  3675 | D        | Killed a ghost moth
  3686 | D        | Got a gossamer rune of Zot
  3702 | D        | Noticed a nagaraja
  3703 | D        | Noticed a nagaraja
  3708 | D        | Noticed a nagaraja
  3717 | D        | Noticed a nagaraja
  3723 | D        | Killed a nagaraja
  3738 | D        | Killed a nagaraja
  3744 | D        | Killed a nagaraja
  3744 | D        | Reached skill level 15 in Invocations
  3753 | D        | Killed a nagaraja
  3783 | D        | Got a serpentine rune of Zot
  3791 | D        | Noticed Ilsuiw
  3802 | D        | Reached XP level 16. HP: 159/159 MP: 19/24
  3835 | D        | Killed Ilsuiw
  3930 | D        | Noticed Saint Roka
  3938 | D        | Noticed a tengu reaver
  3955 | D        | Killed Saint Roka
  3961 | D        | Noticed Sojobo
  3961 | D        | Killed a tengu reaver
  3965 | D        | Noticed a tengu reaver
  3999 | D        | Killed Sojobo
  4008 | D        | Killed a tengu reaver
  4437 | D        | Noticed a shadow dragon
  4438 | D        | Found the +5 robe of Night {Dark MR+ SInv}
  4441 | D        | Noticed a tengu reaver
  4458 | D        | Killed a shadow dragon
  4491 | D        | Killed a tengu reaver
  4510 | D        | Noticed a shadow dragon
  4510 | D        | Reached XP level 17. HP: 172/172 MP: 28/28
  4723 | D        | Noticed a lich
  4758 | D        | Killed a lich
  4839 | D        | Got a silver rune of Zot
  4848 | D        | Learned a level 3 spell: Tukima's Dance
  4960 | D        | Got the amulet "Vourhina" {RegenMP Int+3}
  4962 | D        | Got the ring "Foreo" {rC+ MR+ Str-3 Dex+3 Stlth+}
  4966 | D        | Got the ring of the Komtur {rC+ MR+}
  4974 | D        | Got the ring of Goyjar {rF+ rC+ MR+ Int-4}
  4979 | D        | Found the +0 sword of Power
  5163 | D        | Noticed Mara
  5164 | D        | Noticed wilfster70's illusion
  5271 | D        | Noticed wilfster70's illusion
  5326 | D        | Noticed Boris
  5366 | D        | Killed from afar by Boris

Skill      XL: |  1  2  3  4  5  6  7  8  9 10 11 12 13 14 15 16 17 |
---------------+----------------------------------------------------+-----
Dodging        | 1 4 6 7 8 9 11 12 14 16 18 20 22 24 26 | 26.4
Fighting       | 3 4 6 7 8 10 11 12 14 16 18 19 21 23 | 23.1
Axes           | 3 4 5 6 7 9 10 11 13 14 16 18 | 18.0
Armour         | 4 5 6 7 8 9 10 11 13 15 16 19 21 22 25 26 | 26.6
Shields        | 5 7 8 9 10 11 13 15 16 19 21 22 25 | 25.0
Invocations    | 9 15 20 | 20.4

Action                   |  1- 3 |  4- 6 |  7- 9 | 10-12 | 13-15 | 16-18 || total
-------------------------+-------+-------+-------+-------+-------+-------++-------
Melee: War axe           |    34 |    39 |   112 |   460 |   674 |   773 ||  2092
       Broad axe         |       |       |       |       |   321 |   143 ||   464
Invok: Greater Servant o |       |       |       |       |     1 |       ||     1
 Abil: Heal Wounds       |       |     2 |       |     3 |     5 |       ||    10
  Use: Scroll            |       |       |     4 |     2 |     2 |     7 ||    15
       Potion            |       |       |       |     3 |     2 |     2 ||     7
 Stab: Distracted        |       |       |       |       |       |     1 ||     1
  Eat: Chunk             |       |       |       |     5 |     6 |     4 ||    15
       Ration            |       |       |       |       |     1 |     1 ||     2
Armor: Scale mail        |    20 |       |       |       |       |       ||    20
       Chain mail        |       |     8 |    37 |    25 |       |       ||    70
       Plate armour      |       |       |       |    95 |   385 |   130 ||   610
Dodge: Dodged            |    18 |     9 |    47 |   134 |   376 |   131 ||   715
Block: Shield            |    18 |    15 |    63 |   129 |       |       ||   225
       Large shield      |       |       |       |   170 |  1020 |   654 ||  1844
